AoeStats
← ChubbyBunny

Nomad

510314028Analyzed
2v2 RM · 2d ago on Sep 30, 2026· 80m 19s· 4 players
Game mode
Random Map
Map size
176×176
Population
200
Speed
Normal
Resources
Standard
Victory
Conquest
Starting age
Dark Age
Ending age
Imperial Age
RankedLock teamsTeams togetherTeam positionsShared explorationLock speedFull tech treeHidden civsTurbo modeCheats
Victory
Defeat
🇨🇳 Huns · China
710
+13
🇨🇳 Teutons · China
710
+13
🇮🇹 Khmer · Italy
688
-14
🇷🇴 Spanish · Romania
621
-12
hallvk
3:32 Loom
17:50 Feudal Age
19:19 Wheelbarrow
18:58 Town Watch
19:43 Double-Bit Axe
21:19 Horse Collar
24:46 Stone Mining
24:46 Gold Mining
30:37 Fletching
33:49 Castle Age
32:15 Forging
34:06 Pikeman
36:45 Iron Casting
38:02 Hand Cart
39:59 Squires
39:45 Gambesons
39:46 Arson
41:29 Hand Cart
49:55 Town Patrol
51:50 Ironclad
52:05 Bow Saw
58:20 Heavy Plow
58:34 Scale Mail Armor
60:31 Chain Mail Armor
65:06 Bloodlines
67:35 Imperial Age
67:39 Masonry
69:01 Scale Barding Armor
70:19 Hoardings
73:46 Siege Engineers
73:32 Arrowslits
76:15 Elite Teutonic Knight
80:53 Chemistry
Wind
5:19 Loom
15:24 Feudal Age
15:51 Fishing Lines
17:40 Wheelbarrow
16:56 Double-Bit Axe
16:59 Horse Collar
20:42 Forging
20:38 Scale Barding Armor
23:34 Bloodlines
26:25 Castle Age
28:27 Iron Casting
28:13 Chain Barding Armor
27:57 Husbandry
28:03 Gold Mining
28:04 Stone Mining
28:17 Heavy Plow
28:30 Bow Saw
28:59 Fletching
29:29 Chain Barding Armor
29:09 Light Cavalry
32:07 Hand Cart
33:36 Chain Barding Armor
33:07 Fletching
33:17 Padded Archer Armor
33:40 Scale Mail Armor
39:10 Imperial Age
36:28 Town Watch
36:57 Bodkin Arrow
37:18 Leather Archer Armor
38:12 Chain Mail Armor
39:36 Ballistics
39:27 Masonry
40:25 Gold Shaft Mining
40:21 Town Patrol
42:37 Blast Furnace
42:13 Plate Barding Armor
42:05 Cavalier
43:15 Parthian Tactics
42:55 Thumb Ring
43:46 Bracer
44:58 Paladin
46:50 Plate Barding Armor
47:08 Thumb Ring
46:38 Paladin
49:21 Heavy Cavalry Archer
51:11 Gillnets
51:32 Medium Warships
50:42 Demolition Ship
61:30 Atheism
62:17 Two-Man Saw
62:21 Marauders
63:50 Heavy Warships
62:46 Heavy Demolition Ship
62:59 Sappers
63:50 Conscription
62:51 Elite Skirmisher
62:54 Crossbowman
65:34 Hussar
68:01 Caravan
68:31 Coinage
68:12 Guilds
68:32 Coinage
71:18 Man-at-Arms
71:19 Pikeman
71:44 Arson
72:00 Squires
73:05 Banking
72:45 Guilds
73:05 Banking
73:55 Capped Ram
76:11 Chemistry
75:07 Murder Holes
75:23 Careening
75:31 Clinker Construction
76:01 Halberdier
ChubbyBunny
17:25 Feudal Age
17:59 Man-at-Arms
19:23 Forging
19:25 Scale Mail Armor
19:17 Arson
21:38 Loom
lanciotto
12:49 Feudal Age
13:24 Double-Bit Axe
13:24 Horse Collar
14:06 Gold Mining
14:43 Stone Mining
16:03 Wheelbarrow
22:01 Castle Age
23:09 Bow Saw
23:43 Stone Shaft Mining
23:47 Gold Shaft Mining
24:07 Pikeman
26:10 Heavy Plow
28:31 Hand Cart
33:51 Imperial Age
31:30 Tusk Swords
35:37 Halberdier
40:38 Double Crossbow
40:11 Elite Battle Elephant
42:47 Chemistry
48:14 Crop Rotation
Connection lost

Rejoining the realm…

Still unreachable

The connection could not be restored.

Session expired

The server has moved on; the page needs a fresh start.